Map: Winter Madness LE

Players

Serral - Winner!

  • Race: Zerg Zerg
  • League: Grandmaster
  • Spawn Location: 5:00

LiquidMaNa (MaNa)

  • Race: Protoss Protoss
  • League: Grandmaster
  • Spawn Location: 11:00

VOD

Have the link to the VOD?

Description

Time

  • Played on: Jan. 30, 2026, 2:47 p.m.
  • Length: 4:18
Show
View Real Time Build Order
Export as new Build Order

Serral Zerg - Winner!

Build Orders: Hatch First 

Get SALT Encoding   

  12  0:00  Drone  
  13  0:07  Drone  
  14  0:14  Extractor  
  14  0:15  Drone  
  15  0:21  Overlord  
  15  0:42  Drone  
  16  0:45  Hatchery  
  16  0:49  Drone  
  16  0:52  Drone  
  16  0:56  Drone  
  18  1:06  Extractor  
  18  1:11  Spawning Pool  
  16  1:14  Drone  
  17  1:19  Drone  
  18  1:28  Drone  
  19  1:38  Drone  
  19  1:58  Queen  
  19  2:00  Spine Crawler  
  20  2:04  Zergling x2  
  20  2:05  Zergling x4  
  23  2:13  Queen  
  25  2:20  Overlord  
  25  2:27  Spine Crawler  
  24  2:37  Zergling x4  
  24  2:41  Queen  
  28  2:50  Spine Crawler  
  27  3:02  Queen  
  27  3:08  Spine Crawler  
  27  3:10  Drone x2  
  28  3:19  Drone x2  
  30  3:28  Drone  
  30  3:33  Zergling x2  
  32  3:42  Zergling x6  
  35  3:50  Overlord  
  35  3:58  Zergling x2  
Show
View Real Time Build Order
Export as new Build Order

LiquidMaNa Protoss 

Build Orders:  

Get SALT Encoding   

  12  0:00  Probe  
  13  0:12  Probe  
  14  0:20  Pylon  
  14  0:24  Probe  
  15  0:38  Probe, Forge  
  16  0:50  Pylon  
  16  0:51  Probe  
  17  1:04  Probe  
  18  1:08  Gateway  
  18  1:16  Photon Cannon  
  18  1:28  Pylon  
  18  1:34  Photon Cannon  
  18  1:36  Pylon  
  18  1:46  Probe  
  19  1:47  Zealot  
  18  1:54  Pylon  
  18  1:58  Probe  
  20  2:01  Assimilator  
  20  2:03  Assimilator  
  20  2:05  Zealot  
  20  2:10  Cybernetics Core  
  22  2:17  Probe  
  24  2:35  Photon Cannon  
  25  2:42  Pylon  
  23  2:44  Stalker  
  23  2:48  Photon Cannon  
  21  3:10  Robotics Facility  
  21  3:19  Shield Battery  
  21  3:34  Photon Cannon  
  22  3:38  Pylon  
  21  3:45  Shield Battery  
Tags
 
Add a new tag
Caveats
  • Supply blocks, unpowered buildings, or Contaminate may cause inaccurate times.
  • Supply counts are checked every 10 seconds.